 Dungeon Crawl Stone Soup version 0.28.0-53-g5a82cb258f (webtiles) character file.

Game seed: 16402124104029380941

2 MisterFreud the Covert (level 1, 0/23 HPs)
             Began as a Gnoll Delver on June 15, 2022.
             Slain by an orc
             ... wielding a +0 flail
              (7 damage)
             ... in the Ecumenical Temple.
             The game lasted 00:00:32 (204 turns).

MisterFreud the Covert (Gnoll Delver)                Turns: 204, Time: 00:00:32

Health: 0/23       AC:  3    Str: 11    XL:     1   Next: 30%
Magic:  1/1        EV: 13    Int:  9    God:
Gold:   21         SH:  0    Dex: 13    Spells: 0/0 levels left

rFire   . . .      SeeInvis .   a - +0 short sword
rCold   . . .      Faith    .   (no shield)
rNeg    . . .      Spirit   .   b - +0 leather armour
rPois   .          Reflect  .   (no helmet)
rElec   .          Harm     .   (no cloak)
rCorr   .          Rampage  .   (no gloves)
Will    .....                   (no boots)
Stlth   ++++......              (no amulet)
HPRegen 0.07/turn               (no ring)
MPRegen 0.07/turn               (no ring)

@: hasted, very quick
A: fangs 1, strong nose, distributed training
a: no special abilities


You were in the Ecumenical Temple.
You visited 2 branches of the dungeon, and saw 3 of its levels.

You collected 21 gold pieces.

Inventory:

Hand Weapons
 a - a +0 short sword (weapon)
Armour
 b - a +0 leather armour (worn)
Wands
 g - a wand of digging (3)
Scrolls
 c - a scroll of fog
 d - a scroll of magic mapping
 e - a scroll of fear


   Skills:
 + Level 6.4 Fighting
 + Level 4.4 Short Blades
 + Level 0.0 Long Blades
 + Level 0.0 Axes
 + Level 0.0 Maces & Flails
 + Level 0.0 Polearms
 + Level 0.0 Staves
 + Level 0.0 Slings
 + Level 0.0 Bows
 + Level 0.0 Crossbows
 + Level 0.0 Throwing
 + Level 0.0 Armour
 + Level 4.4 Dodging
 + Level 9.5 Stealth
 + Level 0.0 Shields
 + Level 0.0 Unarmed Combat
 + Level 0.0 Spellcasting
 + Level 0.0 Conjurations
 + Level 0.0 Hexes
 + Level 0.0 Summonings
 + Level 0.0 Necromancy
 + Level 0.0 Translocations
 + Level 0.0 Transmutations
 + Level 0.0 Fire Magic
 + Level 0.0 Ice Magic
 + Level 0.0 Air Magic
 + Level 0.0 Earth Magic
 + Level 0.0 Poison Magic
 + Level 0.1 Invocations
 + Level 0.0 Evocations


You couldn't memorise any spells.
You didn't know any spells.
Your spell library was empty.

Dungeon Overview and Level Annotations

Branches:
Dungeon (6/15)             Temple (1/1) D:5

Altars:


Innate Abilities, Weirdness & Mutations

You have very sharp teeth.
Your uncanny sense of smell can sniff out nearby items.
Your experience applies equally to all skills.


Message History

You see here a +0 whip.
An orc wizard comes into view. It is wielding a +0 dagger.
You open the door.
Found a staircase to the Ecumenical Temple.
There is an open door here.
Found a scroll labelled JAELIZ BIAKINI.
Found 14 stones.
You see here 14 stones. 3 orcs and an orc priest come into view.
Found a robe and an Inescapable Atlas.
The orc wizard shouts!
You hear a shout!
The orc priest shouts!
You hear a shout!
The orc shouts!
An orc comes into view. It is wielding a +0 flail.
The orc shouts!
You barely miss the orc priest.
You hit the orc priest but do no damage.
The orc wizard hits you with a +0 dagger.
The orc priest barely misses you.
An orc priest comes into view. It is wielding a +0 flail.
The orc closely misses you.
There is a staircase to the Ecumenical Temple here.
You can't go up here!
Unknown command.
The orc wizard closely misses you.
The orc priest invokes the aid of Beogh against you.
Beogh smites you! The orc closely misses you.
You climb downwards.
Welcome to the Ecumenical Temple!
There is a staircase back to the Dungeon here.
Unknown command.
You feel yourself speed up. The orc priest misses you.
The orc wizard hits you with a +0 dagger.
The orc completely misses you.
You closely miss the orc priest. Your punch misses the orc priest.
The orc priest closely misses you. The orc wizard barely misses you.
You hit the orc priest but do no damage.
The orc barely misses you. The orc priest closely misses you.
The orc wizard hits you with a +0 dagger.
You hit the orc priest but do no damage.
You completely miss the orc priest. The orc hits you with a +0 flail!
You die...

♣♣♣♣♣ ..
♣♣♣...♣♣♣...
♣♣.......♣..
♣♣.........♣♣
♣...........♣
♣♣...........♣♣
♣......o......♣
♣......@......♣
♣.....oo......♣
♣♣...........♣♣
♣...........♣
♣♣.........♣♣
♣♣.......♣♣
♣♣♣...♣♣♣ ♣♣♣♣♣


You could see an orc priest, an orc wizard and an orc.

Vanquished Creatures
  An orc (D:5)
1 creature vanquished.

Notes
Turn   | Place    | Note
-------+----------+-------------------------------------------
     0 | D:5      | Reached skill level 9 in Stealth
     0 | D:5      | MisterFreud the Gnoll Delver began the quest for the Orb.
     0 | D:5      | Reached XP level 1. HP: 23/23 MP: 1/1
    35 | D:6      | Noticed an ice beast
    73 | D:5      | Noticed an iguana
   168 | D:5      | Noticed an orc wizard
   177 | D:5      | Found a staircase to the Ecumenical Temple.
   193 | D:5      | Noticed an orc priest
   197 | D:5      | Noticed an orc priest
   199 | Temple   | Entered the Ecumenical Temple
   204 | Temple   | Slain by an orc

Illustrated notes

Levels and vault maps discovered:
D:5:      layout_gridville, minmay_temple_entry_arrows,
          hangedman_decor_clover_reticule, eino_small_chamber_without_monster
D:6:      layout_loops_ring, ebering_ghost_sewer_f, uniq_crazy_yiuf_cottage
Temple:   mainiacjoe_temple_starburst

Skill      XL: | |
---------------+-+-----
Stealth        | |  9.5
Fighting       | |  6.4
Short Blades   | |  4.4
Dodging        | |  4.4
Invocations    | |  0.1

Action                   || total
-------------------------++-------
Melee: Short sword       ||     8
  Use: Potion            ||     1
Dodge: Dodged            ||    11
